 Dungeon Crawl Stone Soup version 0.30.1-9-gdf580d7c3d (webtiles) character file.

Game seed: 3760035365416048228

112 KittyFluff the Cudgeller (level 4, -15/43 HPs)
             Began as a Gargoyle Berserker on Oct 15, 2023.
             Was a Believer of Trog.
             Killed from afar by Natasha (20 damage)
             ... with a bolt of dispelling energy
             ... on level 2 of the Dungeon.
             The game lasted 00:06:33 (1568 turns).

KittyFluff the Cudgeller (Gargoyle Berserker)       Turns: 1568, Time: 00:06:34

Health: -15/43     AC:  5    Str: 22    XL:     4   Next: 93%
Magic:  4/4        EV: 12    Int:  8    God:    Trog [**....]
Gold:   87         SH:  0    Dex:  9    Spells: 3/3 levels left

rFire   . . .        a - +0 mace
rCold   . . .        (no shield)
rNeg    + . .        b - +0 animal skin
rPois   ∞            (no helmet)
rElec   +            (no cloak)
rCorr   .            (no gloves)
SInv    .            (no boots)
Will    .....        (no amulet) Stlth
                     (no ring)
HPRegen 0.27/turn    (no ring)
MPRegen 0.09/turn

%: no passive effects
@: berserking, very quick
A: sickness immunity, AC +3, negative energy resistance 1, electricity
resistance, torment resistance 1, petrification resistance
a: Renounce Religion, Berserk, Trog's Hand


You were on level 2 of the Dungeon.
You worshipped Trog.
Trog was pleased with you.
You visited 1 branch of the dungeon, and saw 2 of its levels.

You collected 87 gold pieces.

Inventory:

Hand Weapons
 a - a +0 mace (weapon)
Missiles
 h - 2 poisoned darts (quivered)
 l - 5 javelins
Armour
 b - a +0 animal skin (worn)
Wands
 m - a wand of polymorph (6)
Scrolls
 f - a scroll of noise {unknown}
 g - a scroll of vulnerability {unknown}
 i - a scroll of enchant weapon {unknown}
 j - 2 scrolls of identify {unknown}
 n - a scroll of enchant armour {unknown}
Potions
 c - 3 potions of resistance {unknown}
 d - 3 potions of ambrosia {unknown}
 e - 2 potions of curing {unknown}
 k - 2 potions of degeneration {unknown}
 o - 2 potions of attraction {unknown}


   Skills:
 + Level 3.8 Fighting
 * Level 3.8 Maces & Flails
 * Level 3.5 Armour
 + Level 2.2 Dodging


You had 3 spell levels left.
You didn't know any spells.
Your spell library was empty.

Dungeon Overview and Level Annotations

Branches:
Dungeon (2/15)

Altars:

Shops:
D:2 =

Annotations:
D:2 Natasha


Innate Abilities, Weirdness & Mutations

You are immune to sickness and miasma.
Your stone body is resilient. (AC +3)
You are immune to poison.
You resist negative energy. (rN+)
You are resistant to electric shocks. (rElec)
You are resistant to unholy torment.
You are immune to petrification.


Message History

j - 2 scrolls labelled TOONON XERGHIRIA (gained 1)
A kobold comes into view. It is wielding a +0 short sword.
Found 16 gold pieces.
The kobold shouts!
A goblin comes into view. It is wielding a +0 dagger.
The goblin shouts!
The kobold hits you with a +0 short sword.
You closely miss the kobold.
Natasha, Servant of Life and Death comes into view.
She is carrying a wand of quicksilver (11).
The kobold barely misses you.
You hit the kobold.
The kobold is heavily wounded.
The kobold hits you with a +0 short sword.
You closely miss the kobold.
The kobold is heavily wounded.
The kobold hits you but does no damage.
You barely miss the kobold.
The kobold is heavily wounded.
The kobold hits you but does no damage.
You hit the kobold.
You kill the kobold!
Trog accepts your kill. The goblin barely misses you.
You closely miss the goblin.
Natasha zaps a wand.
The bolt of dispelling energy hits the goblin!
The goblin dies!
The bolt of dispelling energy misses you.
You sock Natasha!
Natasha is severely wounded.
Natasha zaps a wand.
The bolt of dispelling energy hits you!
Ouch! That really hurt!
You hit Natasha.
Natasha is almost dead.
Natasha stares at you and mumbles some strange words.
The magic dart hits you!
* * * LOW HITPOINT WARNING * * *
A red film seems to cover your vision as you go berserk!
You feel yourself moving faster!
You feel mighty!
Natasha zaps a wand.
The bolt of dispelling energy hits you!!
You die...

####.# ####.# #....#
#.#### #.# # #.# #
########.# #.###
.##...##.#########......
....#......#....@h..$...
.........#...#####......
....########## .....
#.#.### .### #.#...# #
#.###.## #.# #..# #.#
##.## #.# #..####


You could see Natasha.

Vanquished Creatures
  Jessica (D:2)
  Natasha (D:2)
  An adder (D:2)
  4 dart slugs
  3 endoplasms
  8 goblins
  5 hobgoblins
  2 jackals (D:1)
  3 kobolds
  2 quokkas (D:2)
  5 ball pythons
  3 bats
  A frilled lizard (D:1)
  A rat (D:1)
40 creatures vanquished.

Vanquished Creatures (others)
  A goblin (D:2)
1 creature vanquished.

Grand Total: 41 creatures vanquished

Notes
Turn   | Place    | Note
-------+----------+-------------------------------------------
     0 | D:1      | KittyFluff the Gargoyle Berserker began the quest for the
                  | Orb.
     0 | D:1      | Reached XP level 1. HP: 14/14 MP: 1/1
   298 | D:1      | Reached XP level 2. HP: 18/19 MP: 2/2
   540 | D:1      | Reached XP level 3. HP: 23/23 MP: 3/3
   634 | D:1      | Reached ** piety under Trog
   976 | D:2      | Noticed Natasha
   988 | D:2      | HP: 1/23 [Natasha (7)]
   990 | D:2      | Killed Natasha
   991 | D:2      | Reached XP level 4. HP: 2/29 MP: 4/4
  1193 | D:2      | Noticed Jessica
  1202 | D:2      | Killed Jessica
  1379 | D:2      | Found Ulorhug Koss's Jewellery Emporium.
  1560 | D:2      | Noticed Natasha
  1568 | D:2      | Killed from afar by Natasha

Illustrated notes

Levels and vault maps discovered:
D:1:      dpeg_arrival_triangle_fractal, layout_loops_ring, minmay_octomino_j4
D:2:      minmay_angry_zag, layout_basic, serial_shops,
          nicolae_shop_rolling_square, hex_medium, reono_crystal_passage,
          uniq_natasha, uniq_jessica

Skill      XL: |  1  2  3 |
---------------+----------+-----
Dodging        | 2 |  2.2
Armour         | 3 |  3.5
Fighting       | |  3.8
Maces & Flails | |  3.8

Action                     |  1- 3 |  4- 6 || total
---------------------------+-------+-------++-------
  Melee: Mace              |    83 |    39 ||   122
         Punch             |     1 |       ||     1
 Invoke: Berserk           |       |     1 ||     1
 Armour: Animal skin       |    35 |     6 ||    41
  Dodge: Dodged            |    59 |    30 ||    89
